Map: Port Aleksander LE

Players

Ziggy

  • Race: Terran Terran
  • Spawn Location: 5:00

Minatoeh (Minato) - Winner!

  • Race: Zerg Zerg
  • Spawn Location: 11:00

Event: 2019 WCS Spring

VOD

Have the link to the VOD?

Description

Time

  • Played on: May 17, 2019, 11:30 a.m.
  • Length: 4:40

All games in this series

Show
View Real Time Build Order
Export as new Build Order

Ziggy Terran 

Build Orders: Reaper Expand 

Get SALT Encoding   

  12  0:00  SCV  
  13  0:12  SCV  
  14  0:17  Supply Depot  
  14  0:24  SCV  
  15  0:39  SCV  
  15  0:41  Barracks  
  16  0:43  Refinery  
  16  0:51  SCV  
  17  1:03  SCV  
  18  1:15  SCV  
  19  1:27  Reaper  
  19  1:28  Orbital Command  
  20  1:42  Command Center  
  20  1:52  Supply Depot  
  20  1:54  SCV  
  21  1:59  Marine  
  22  2:06  SCV  
  23  2:09  Factory  
  23  2:13  Refinery  
  23  2:17  Marine  
  23  2:19  SCV  
  25  2:31  SCV  
  25  2:36  Barracks Reactor  
  26  2:43  SCV  
  27  2:53  Hellion  
  27  2:55  SCV, Orbital Command  
  27  2:56  Starport  
  30  3:09  Bunker  
  30  3:10  SCV  
  30  3:12  Marine x2  
  32  3:15  Factory Tech Lab  
  32  3:22  SCV  
  32  3:23  SCV  
  34  3:29  Marine x2  
  36  3:36  Cyclone, Starport Tech Lab  
  36  3:38  SCV x2  
  41  3:45  Supply Depot  
  41  3:51  Supply Depot  
  41  3:54  Engineering Bay  
  44  4:10  Marine x2  
  43  4:26  SCV x2  
Show
View Real Time Build Order
Export as new Build Order

Minatoeh Zerg - Winner!

Build Orders: Pool First 

Get SALT Encoding   

  12  0:00  Drone  
  13  0:12  Overlord  
  13  0:18  Drone  
  14  0:30  Drone  
  14  0:31  Drone  
  16  0:42  Spawning Pool  
  15  0:45  Drone  
  15  0:49  Drone  
  17  1:11  Hatchery  
  16  1:14  Drone  
  16  1:16  Extractor  
  16  1:19  Drone  
  17  1:30  Queen  
  17  1:32  Drone  
  20  1:35  Drone  
  21  1:42  Overlord  
  21  1:50  Drone  
  22  2:03  Drone  
  22  2:04  Roach Warren  
  22  2:10  Queen  
  24  2:19  Metabolic Boost  
  24  2:21  Drone  
  25  2:25  Drone  
  25  2:29  Drone  
  27  2:34  Drone x2  
  29  2:44  Roach  
  29  2:45  Roach  
  29  2:47  Roach  
  35  2:54  Overlord  
  35  2:58  Overlord  
  35  3:13  Zergling x14  
  35  3:18  Zergling x2  
  35  3:19  Zergling x2  
  44  3:21  Zergling x2  
  44  3:25  Zergling x2  
  46  3:32  Zergling x2  
  47  3:35  Overlord  
  47  3:41  Ravager x2  
  48  3:43  Zergling x4  
  51  3:51  Zergling x2  
  51  3:54  Zergling x2  
  51  3:55  Zergling x8  
  57  4:14  Ravager  
  55  4:19  Drone x5  
Tags
 
Add a new tag
Caveats
  • Supply blocks, unpowered buildings, or Contaminate may cause inaccurate times.
  • Supply counts are checked every 10 seconds.